 Dungeon Crawl Stone Soup version 0.31-a0-263-ge8cad7f256 (webtiles) character file.

Game seed: 15675377082947664657

528 qw the Shooter (level 7, -6/43 HPs)
             Began as a Gargoyle Hexslinger on July 13, 2023.
             Killed by divine providence
             ... invoked by an orc priest
              (12 damage)
             ... on level 4 of the Dungeon.
             The game lasted 00:01:35 (2653 turns).

qw the Shooter (Gargoyle Hexslinger)                Turns: 2653, Time: 00:01:36

Health: -6/43      AC: 11    Str: 12    XL:     7   Next: 23%
Magic:  8/8        EV: 10    Int: 13    God:
Gold:   180        SH:  0    Dex: 14    Spells: 7/8 levels left

rFire   . . .        Y - +1 shortbow
rCold   . . .        (shield currently unavailable)
rNeg    + . .        j - +0 ring mail
rPois   inf          f - +0 helmet
rElec   +            (no cloak)
rCorr   +            (no gloves)
SInv    .            (no boots)
Will    .....        e - amulet of the acrobat
Stlth   +            d - ring of resist corrosion
HPRegen 0.27/turn    (no ring)
MPRegen 0.11/turn

%: acrobat
@: no status effects
A: sickness immunity, AC +4, negative energy resistance 1, electricity
resistance, torment resistance 1, petrification resistance
a: no special abilities


You were on level 4 of the Dungeon.
You visited 1 branch of the dungeon, and saw 4 of its levels.

You collected 180 gold pieces.


Innate Abilities, Weirdness & Mutations

You are immune to sickness and miasma.
Your stone body is resilient. (AC +4)
You are immune to poison.
You resist negative energy. (rN+)
You are resistant to electric shocks. (rElec)
You are resistant to unholy torment.
You are immune to petrification.


   Skills:
 - Level 4.0 Fighting
 + Level 6.6 Ranged Weapons
 - Level 1.0 Armour
 - Level 1.5 Dodging
 - Level 1.0 Spellcasting
 - Level 2.6 Hexes


You had 7 spell levels left.
You knew the following spells:

 Your Spells              Type           Power      Damage    Failure   Level
a - Slow                  Hex            28%        N/A       22%         1

Your spell library contained the following spells:

 Spells                   Type           Power      Damage    Failure   Level
 Inner Flame              Hex/Fire       4%         N/A       73%         3
 Portal Projectile        Hex/Tloc       8%         N/A       73%         3
 Cause Fear               Hex            3%         N/A       91%         4

Inventory:

Hand Weapons
 Y - a +1 shortbow (weapon)
Armour
 f - a +0 helmet (worn)
 g - a scarf of harm
 j - a +0 ring mail (worn)
Jewellery
 d - a ring of resist corrosion (left hand)
 e - an amulet of the acrobat (around neck)
Scrolls
 a - a scroll of identify
 h - a scroll of enchant armour {unknown}
Potions
 b - a potion of cancellation {unknown}
 c - 3 potions of curing
 k - a potion of mutation {unknown}
 o - 2 potions of might

Dungeon Overview and Level Annotations

Branches:
Dungeon (4/15)
 Temple: D:4-7

Altars:
Hepliaklqana


Message History

You shoot an arrow. The arrow hits the gnoll bouda.
The gnoll bouda is almost dead.
The gnoll hits you from afar with a +0 spear.
The gnoll bouda barely misses you.
You shoot an arrow. The arrow hits the gnoll bouda.
The gnoll bouda is almost dead.
The gnoll closely misses you.
The gnoll bouda hits you with a +1 vampiric whip.
You shoot an arrow. The arrow hits the gnoll bouda.
You kill the gnoll bouda!
You hear the quick rusting of a drain nearby.
The gnoll closely misses you.
An orc comes into view. It is wielding a +0 mace.
You shoot an arrow. The arrow closely misses the gnoll.
Your attacks no longer feel as feeble.
The gnoll hits you from afar with a +0 spear.
The adder bites you but does no damage. The gnoll barely misses you.
You shoot an arrow. The arrow hits the adder!
The adder is almost dead.
The adder bites you but does no damage.
The gnoll hits you from afar with a +0 spear.
The adder bites you but does no damage.
You shoot an arrow. The arrow hits the adder!
You kill the adder!
The gnoll is no longer moving quickly.
The gnoll barely misses you.
The orc priest hits you with a +3 mace of draining.
You shoot an arrow.
The arrow hits the orc priest but does no damage.
The gnoll barely misses you. The orc priest barely misses you.
You shoot an arrow.
The arrow hits the orc priest but does no damage.
The gnoll hits you from afar with a +0 spear.
The orc priest hits you but does no damage.
You shoot an arrow. The arrow barely misses the orc priest.
The arrow hits the orc!
The orc is almost dead.
The gnoll closely misses you.
The orc priest mumbles some strange prayers to Beogh against you.
Beogh smites you!
You die...

#.# #.####### #.#
#........
#.########.)######
#...........# #
#.#######...######
#># ...........
#.# ###.....)..)
#.# ....#####? #@#
##.### #. #o# #.#
#. #og.g...h.#
~~## #.##g...#
~~~~ #.# g... ~~##
#.. ... ... .. ###
#


You could see an orc priest, a gnoll and an orc.

Vanquished Creatures
  A black bear (D:4)
  A centaur (D:3)
  A gnoll bouda (D:4)
  A hound (D:3)
  A sleepcap (D:4)
  Jessica (D:2)
  An iguana (D:4)
  An orc wizard (D:4)
  Robin (D:2)
  A gnoll (D:1)
  6 adders
  2 ufetubi
  A worm (D:3)
  2 dart slugs (D:2)
  11 orcs
  8 endoplasms
  4 giant cockroaches (D:1)
  16 goblins
  8 hobgoblins
  9 kobolds
  A quokka (D:2)
  8 ball pythons
  4 bats
  2 frilled lizards
  9 rats
101 creatures vanquished.

Notes
Turn   | Place    | Note
-------+----------+-------------------------------------------
     0 | D:1      | qw the Gargoyle Hexslinger began the quest for the Orb.
     0 | D:1      | Reached XP level 1. HP: 12/12 MP: 2/2
     0 | D:1      | 0 ||| qw: Version: 0.3-a-52-g30416fa
     0 | D:1      | 0 ||| qw: Game counter: 7340
     0 | D:1      | 0 ||| qw: Melee chars always use a shield: true
     0 | D:1      | 0 ||| qw: God list: Okawaru
     0 | D:1      | 0 ||| qw: Allow faded altars: false
     0 | D:1      | 0 ||| qw: Do Orc after clearing Dungeon:15 true
     0 | D:1      | 0 ||| qw: Do second Lair branch before Depths: true
     0 | D:1      | 0 ||| qw: Lair rune preference: random
     0 | D:1      | 0 ||| qw: Goals: Normal
     0 | D:1      | 0 ||| PLANNING D:1-11
    90 | D:1      | Reached XP level 2. HP: 16/16 MP: 3/3
   213 | D:1      | Reached skill level 3 in Ranged Weapons
   446 | D:1      | 446 ||| FLEEEEING.
   476 | D:1      | Reached XP level 3. HP: 14/22 MP: 4/4
   673 | D:1      | 673 ||| UPGRADING to +0 helmet.
   678 | D:1      | 678 ||| UPGRADING to +0 leather armour.
   688 | D:1      | 688 ||| DROPPING +0 robe.
   689 | D:1      | 689 ||| UPGRADING to +0 ring mail.
   699 | D:1      | 699 ||| DROPPING +0 leather armour.
   700 | D:1      | 700 ||| DROPPING scarf of harm.
   701 | D:1      | 701 ||| UPGRADING to ring of resist corrosion.
   702 | D:1      | 702 ||| READING 3 scrolls labelled APHUAS DENUY.
   703 | D:1      | 703 ||| READING scroll labelled GAUBISTR KIEBLIG.
   704 | D:1      | 704 ||| READING scroll labelled DUWKASORITZ.
   705 | D:1      | 705 ||| READING scroll labelled BIEP VASOOGOBB.
   709 | D:1      | 709 ||| READING 2 scrolls of identify.
   709 | D:1      | 709 ||| IDENTIFYING white potion
   710 | D:1      | 710 ||| DROPPING scroll of poison.
   711 | D:1      | 711 ||| DROPPING potion of berserk rage.
   825 | D:2      | Reached skill level 1 in Armour
   884 | D:2      | Reached XP level 4. HP: 27/27 MP: 5/5
   973 | D:2      | Identified the +1 helmet "Dicadikait" {Harm Int+5 Dex-3}
   973 | D:2      | Noticed Robin
   986 | D:2      | Killed Robin
  1069 | D:2      | Noticed Jessica
  1070 | D:2      | 1070 ||| Stepping ~*~*~tactically~*~*~ (outnumbered).
  1080 | D:2      | Reached skill level 4 in Ranged Weapons
  1080 | D:2      | 1080 ||| READING scroll of teleportation.
  1081 | D:2      | 1081 ||| FLEEEEING.
  1082 | D:2      | 1082 ||| FLEEEEING.
  1083 | D:2      | 1083 ||| FLEEEEING.
  1084 | D:2      | 1084 ||| FLEEEEING.
  1093 | D:2      | 1093 ||| STAIRDANCE
  1115 | D:1      | 1115 ||| DROPPING +1 hat.
  1116 | D:1      | 1116 ||| READING scroll labelled SUSOXECODD.
  1117 | D:1      | 1117 ||| DRINKING 2 bubbling white potions.
  1118 | D:1      | 1118 ||| DROPPING potion of degeneration.
  1180 | D:2      | 1180 ||| FLEEEEING.
  1181 | D:2      | 1181 ||| FLEEEEING.
  1182 | D:2      | 1182 ||| FLEEEEING.
  1183 | D:2      | 1183 ||| FLEEEEING.
  1184 | D:2      | 1184 ||| FLEEEEING.
  1185 | D:2      | 1185 ||| FLEEEEING.
  1186 | D:2      | 1186 ||| FLEEEEING.
  1187 | D:2      | 1187 ||| FLEEEEING.
  1188 | D:2      | 1188 ||| FLEEEEING.
  1189 | D:2      | 1189 ||| FLEEEEING.
  1190 | D:2      | 1190 ||| FLEEEEING.
  1191 | D:2      | 1191 ||| FLEEEEING.
  1192 | D:2      | 1192 ||| FLEEEEING.
  1193 | D:2      | 1193 ||| FLEEEEING.
  1194 | D:2      | 1194 ||| FLEEEEING.
  1195 | D:2      | 1195 ||| FLEEEEING.
  1201 | D:2      | Killed Jessica
  1202 | D:2      | Reached XP level 5. HP: 31/31 MP: 6/6
  1544 | D:3      | Noticed a centaur
  1557 | D:3      | Killed a centaur
  1558 | D:3      | Reached skill level 5 in Ranged Weapons
  1558 | D:3      | Reached XP level 6. HP: 17/36 MP: 7/7
  1680 | D:3      | 1680 ||| SWAPPING to +0 shortbow.
  1681 | D:3      | 1681 ||| DROPPING +1 sling.
  1710 | D:3      | 1710 ||| STAIRDANCE
  1729 | D:2      | 1729 ||| READING scroll labelled WAMOM KEUGOTWI.
  1730 | D:2      | 1730 ||| DRINKING 2 fuming pink potions.
  1731 | D:2      | 1731 ||| DRINKING 2 orange potions.
  1732 | D:2      | 1732 ||| READING 3 scrolls of identify.
  1732 | D:2      | 1732 ||| IDENTIFYING ruby potion
  1733 | D:2      | 1733 ||| READING 2 scrolls of identify.
  1733 | D:2      | 1733 ||| IDENTIFYING smoky inky potion
  1734 | D:2      | 1734 ||| DROPPING potion of brilliance.
  1735 | D:2      | 1735 ||| DROPPING potion of ambrosia.
  1796 | D:3      | Found a hazy altar of Hepliaklqana.
  2066 | D:3      | Reached skill level 3 in Fighting
  2146 | D:3      | 2146 ||| UPGRADING to amulet of the acrobat.
  2183 | D:4      | 2183 ||| PLANNING SEWER
  2206 | D:4      | Noticed Natasha
  2208 | D:4      | Noticed a black bear
  2215 | D:4      | Killed a black bear
  2216 | D:4      | Reached skill level 6 in Ranged Weapons
  2228 | D:4      | HP: 8/37 [ufetubus (4)]
  2229 | D:4      | 2229 ||| READING scroll of teleportation.
  2230 | D:4      | HP: 2/37 [ufetubus (2)]
  2270 | D:4      | 2270 ||| FLEEEEING.
  2271 | D:4      | 2271 ||| FLEEEEING.
  2272 | D:4      | 2272 ||| FLEEEEING.
  2273 | D:4      | 2273 ||| FLEEEEING.
  2274 | D:4      | 2274 ||| STAIRDANCE
  2363 | D:3      | 2363 ||| READING scroll labelled WAKLAU IBROW.
  2366 | D:4      | 2366 ||| STAIRDANCE
  2444 | D:4      | Reached XP level 7. HP: 34/43 MP: 8/8
  2514 | D:4      | 2514 ||| Stepping ~*~*~tactically~*~*~ (water).
  2630 | D:4      | 2630 ||| Stepping ~*~*~tactically~*~*~ (outnumbered).
  2632 | D:4      | 2632 ||| Stepping ~*~*~tactically~*~*~ (outnumbered).
  2650 | D:4      | HP: 8/43 [orc priest/+3 mace of draining (4)]
  2653 | D:4      | Killed from afar by an orc priest

Levels and vault maps discovered:
D:1:      minmay_arrival_semitransparent, layout_loops_ring,
          nicolae_grassy_gnolls
D:2:      minmay_evil_eye, layout_basic, uniq_robin, uniq_jessica
D:3:      kennysheep_six_static_rooms, layout_rooms,
          nicolae_hepliaklqana_hippocampus, nicolae_titane
D:4:      layout_loops_ring, gup_sewer_entry_bubbles, uniq_grinder, uniq_natasha

Skill      XL: |  1  2  3  4  5  6 |
---------------+-------------------+-----
Ranged Weapons | 3 4 5 6 |  6.6
Fighting       | 2 4 |  4.0
Armour         | 1 |  1.0
Dodging        | |  1.5
Spellcasting   | |  1.0
Hexes          | |  2.6

Action                     |  1- 3 |  4- 6 |  7- 9 || total
---------------------------+-------+-------+-------++-------
   Fire: Sling             |   107 |   116 |       ||   223
         Shortbow          |       |    97 |    66 ||   163
    Use: Scroll            |     5 |     7 |       ||    12
         Potion            |       |     3 |       ||     3
 Armour: Robe              |     7 |       |       ||     7
         Ring mail         |    14 |   103 |    23 ||   140
         Skin              |       |     9 |       ||     9
  Dodge: Dodged            |    35 |   127 |    20 ||   182

Table legend:
 A = Non-vault XP
 B = Vault XP
 C = Vault XP percentage of total XP
 D = Non-vault monster count
 E = Vault monster count
 F = Vault count percentage of total count
                 A         B        C        D         E       F
            +---------+---------+-------+---------+---------+-------
      Total |     531 |     224 |  29.7 |      82 |      19 |  18.8
            +---------+---------+-------+---------+---------+-------
        D:1 |      34 |      15 |  30.6 |      21 |       1 |   4.5
        D:2 |      66 |      68 |  50.7 |      22 |      10 |  31.2
        D:3 |     114 |     127 |  52.7 |      23 |       6 |  20.7
        D:4 |     317 |      14 |   4.2 |      16 |       2 |  11.1
            +---------+---------+-------+---------+---------+-------
